 Dungeon Crawl Stone Soup version 0.27-a0-679-g77a6b55cf3 (webtiles) character file.

Game seed: 17032954076644216080

117 Allula97 the Skirmisher (level 4, 0/46 HPs)
             Began as a Demonspawn Monk on Mar 19, 2021.
             Slain by a gnoll
             ... wielding a +0 halberd
              (10 damage)
             ... on level 2 of the Dungeon.
             The game lasted 00:06:27 (1873 turns).

Allula97 the Skirmisher (Demonspawn Monk)           Turns: 1873, Time: 00:06:28

Health: 0/46       AC: 22    Str:  9 (11) XL:     4   Next: 71%
Magic:  5/5        EV:  2    Int: 11 (12) God:
Gold:   80         SH:  0    Dex: 13 (16) Spells: 5/5 levels left

rFire    . . .     SeeInvis .   j - +0 long sword
rCold    . . .     Faith    .   (no shield)
rNeg     + + +     Spirit   .   (armour currently unavailable)
rPois    +         Reflect  .   (helmet currently unavailable)
rElec    .         Harm     .   (cloak currently unavailable)
rCorr    .         Rampage  .   (gloves currently unavailable)
Will     +....     NoTele   +   (boots currently unavailable)
Stlth    ++........             (no amulet)
HPRegen  0.15/turn              (no ring)
MPRegen  0.09/turn              (no ring)

@: tree-form, hasted, very quick
A: stationary, stasis, torment immunity, boosted hp, (antennae 2), frail 1,
strong-willed 1, (electricity resistance)
a: no special abilities


You were on level 2 of the Dungeon.
You were a tree.
You visited 1 branch of the dungeon, and saw 2 of its levels.

You collected 80 gold pieces.

Inventory:

Hand Weapons
 a - a +0 short sword
 j - a +0 long sword (weapon)
Armour
 b - a +0 robe
 c - a +1 ring mail (melded)


   Skills:
 * Level 3.3 Fighting
 * Level 3.3(3.4) Short Blades
 + Level 0.6(2.2) Long Blades
 + Level 0.8 Armour
 + Level 3.1 Dodging
 * Level 2.1 Stealth
 * Level 1.1 Spellcasting
 * Level 1.0 Hexes
 * Level 1.0 Ice Magic


You had 5 spell levels left.
You didn't know any spells.
Your spell library was empty.

Dungeon Overview and Level Annotations

Branches:
Dungeon (2/15)

Altars:

Shops:
D:1 :   D:2 (


Innate Abilities, Weirdness & Mutations

You are a tree.
Your roots penetrate the ground, keeping you stationary.
You cannot be teleported.
You are immune to unholy pain and torment.
Your maximum health is greatly increased.
Your equipment is partially melded.
((You have a pair of antennae on your head.))
You are frail. (-10% HP)
You are strong-willed. (Will+)
((You are resistant to electric shocks. (rElec)))


Message History

The gnoll hits you from afar with a +0 spear.
It was a potion of lignification.
You turn into a tree.
Your +1 ring mail melds into your body.
Your roots penetrate the ground.
The gnoll hits you but does no damage.
You cannot move. (Use ctrl+direction or * direction to attack without moving.)
You cannot move. (Use ctrl+direction or * direction to attack without moving.)
You cannot move. (Use ctrl+direction or * direction to attack without moving.) There's something in the way.
You closely miss the gnoll.
The gnoll is lightly wounded.
The gnoll hits you but does no damage. x2
You closely miss the gnoll.
The gnoll is lightly wounded.
You feel less invigorated.
You feel less confused. The gnoll hits you but does no damage.
The gnoll hits you with a +0 halberd.
You completely miss the gnoll.
The gnoll is lightly wounded.
The gnoll hits you from afar with a +0 spear.
The gnoll hits you but does no damage.
You hit the gnoll.
The gnoll is severely wounded.
The gnoll hits you from afar with a +0 spear.
You hit the gnoll.
The gnoll is almost dead.
The gnoll hits you but does no damage. x2
You barely miss the gnoll.
The gnoll is almost dead.
The gnoll hits you but does no damage. x2
You hit the gnoll but do no damage.
The gnoll is almost dead.
The gnoll hits you but does no damage. x2
You hit the gnoll but do no damage.
The gnoll is almost dead.
The gnoll hits you with a +0 halberd.
* * * LOW HITPOINT WARNING * * *
You barely miss the gnoll.
The gnoll is almost dead.
The gnoll hits you but does no damage. The gnoll hits you with a +0 halberd!
You die...

#.# #...# #..# #.#
#.#.# #..# #.#
#.#<#####..### #.#
#..#.......... #.###
##...##^......
#...###.#.#.#.#####.
#.............#####.
#.#.###.#.#.###.....
#.#♣# ##...## #.##..
#.#g# ##.#####.##..
##.#g# #...........
#..#.## #######.###.
.#.∩.# #.# #. #)#.#
#.. .. ... ...
.####. #.##g.### .
.. #. .# #. ##.


You could see 2 gnolls.

Vanquished Creatures
  A gnoll (D:2)
  4 adders (D:2)
  An ooze (D:1)
  A worm (D:2)
  A dart slug (D:2)
  3 leopard geckos
  2 ball pythons
  7 giant cockroaches
  4 goblins
  4 hobgoblins
  8 jackals
  A quokka (D:1)
  9 bats
  3 frilled lizards
  4 kobolds
  4 rats
57 creatures vanquished.

Notes
Turn   | Place    | Note
-------+----------+-------------------------------------------
     0 | D:1      | Allula97 the Demonspawn Monk began the quest for the Orb.
     0 | D:1      | Reached XP level 1. HP: 18/18 MP: 1/1
   112 | D:1      | Gained mutation: You have a pair of small antennae on your
                  | head. [demonic ancestry]
   112 | D:1      | Reached XP level 2. HP: 20/24 MP: 2/2
   167 | D:1      | Found Lasuc's Book Emporium.
   577 | D:1      | Reached XP level 3. HP: 29/29 MP: 3/3
  1043 | D:2      | Gained mutation: You have a pair of antennae on your head.
                  | [demonic ancestry]
  1043 | D:2      | Reached XP level 4. HP: 25/35 MP: 5/5
  1150 | D:2      | Found Maon's Antique Weapon Emporium.
  1613 | D:2      | Reached skill level 1 in Spellcasting
  1806 | D:2      | Reached skill level 1 in Ice Magic
  1850 | D:2      | Reached skill level 1 in Hexes
  1862 | D:2      | Gained mutation: You are frail. (-10% HP) [potion of
                  | mutation]
  1862 | D:2      | Gained mutation: You are resistant to electric shocks.
                  | (rElec) [potion of mutation]
  1862 | D:2      | Gained mutation: You are strong-willed. (Will+) [potion of
                  | mutation]
  1873 | D:2      | Slain by a gnoll

Illustrated notes

Levels and vault maps discovered:
D:1:      mainiacjoe_arrival_reflecting_pool, layout_rooms, serial_shops, shop,
          minmay_tetromino_s2
D:2:      layout_loops_ring, serial_shops, shop

Skill      XL: |  1  2  3  4 |
---------------+-------------+-----
Short Blades   | 3 |  3.3
Dodging        | 3 |  3.1
Stealth        | 2 |  2.1
Spellcasting   | 1 |  1.1
Ice Magic      | 1 |  1.0
Hexes          | 1 |  1.0
Fighting       | |  3.3
Long Blades    | |  0.6
Armour         | |  0.8

Action                   |  1- 3 |  4- 6 || total
-------------------------+-------+-------++-------
Melee: Short sword       |   128 |       ||   128
       Long sword        |    27 |    54 ||    81
  Use: Potion            |       |     5 ||     5
       Scroll            |       |     3 ||     3
 Stab: Sleeping          |     1 |       ||     1
Armor: Ring mail         |    75 |    25 ||   100
       Robe              |     1 |       ||     1
       Skin              |       |    12 ||    12
Dodge: Dodged            |   135 |    40 ||   175
       Rpst.: Long sword |     6 |    12 ||    18

Table legend: (Time is in decaauts)
 A = Elapsed time spent in this place.
 B = Non-inter-level travel time spent in this place.
 C = Inter-level travel time spent in this place.
 D = Time resting spent in this place.
 E = Time spent auto-exploring this place.
 F = Levels seen in this place.
 G = Mean time per level.
                   A        B        C        D        E       F      G
               +--------+--------+--------+--------+--------+-----+--------+
         Total |   1887 |   1835 |     52 |    275 |    888 |   2 |  943.5 |
       Dungeon |   1887 |   1835 |     52 |    275 |    888 |   2 |  943.5 |
               +--------+--------+--------+--------+--------+-----+--------+

Top non-repeatable levels by time:
     D:2: 973 daAuts
     D:1: 913 daAuts
